[Event "ICCopen2016"]
[Site "Internet Chess Club"]
[Date "2016.06.03"]
[Round "8"]
[White "Petergriffin"]
[Black "Bubacik"]
[Result "1-0"]
[ICCResult "Black resigns"]
[WhiteElo "2081"]
[BlackElo "2599"]
[Opening "Nimzo-Indian: classical, Pirc variation"]
[ECO "E39"]
[NIC "NI.21"]
[Time "20:18:45"]
[TimeControl "180+0"]

1. d4 e6 2. c4 Nf6 3. Nc3 Bb4 4. Qc2 c5 5. dxc5 O-O 6. a3 Bxc5 7. Nf3 Nc6 8.
Bf4 e5 9. Bg5 Nd4 10. Nxd4 exd4 11. Nd5 Qa5+ 12. Bd2 Qd8 13. Bg5 Qa5+ 14.
Bd2 Qd8 15. Bg5 Be7 16. Nxe7+ Qxe7 17. Qd2 Qe5 18. Bxf6 Qxf6 19. g3 Re8 20.
Bg2 d6 21. O-O Bg4 22. Rfe1 Rac8 23. Bd5 Re7 24. Rad1 d3 25. Qxd3 Qxb2 26.
Rb1 Qe5 27. Bxb7 Rb8 28. Bd5 Rxb1 29. Rxb1 Bxe2 30. Qe3 h6 31. Qxe5 dxe5 32.
Re1 Bd3 33. f4 Rc7 34. fxe5 Kf8 35. Kf2 Ke7 36. Ke3 Bf5 37. Kd4 Be6 38. Rb1
f6 39. exf6+ Kxf6 40. Rf1+ {Black resigns} 1-0

[Event "ICCopen2016"]
[Site "Internet Chess Club"]
[Date "2016.06.03"]
[Round "8"]
[White "manta2"]
[Black "hipopotamos"]
[Result "0-1"]
[ICCResult "White forfeits on time"]
[WhiteElo "1127"]
[BlackElo "1076"]
[Opening "QGA, 4.Nc3"]
[ECO "D24"]
[NIC "QG.03"]
[Time "20:18:28"]
[TimeControl "180+0"]

1. d4 d5 2. c4 dxc4 3. Nc3 Nf6 4. Nf3 Nc6 5. e3 Bf5 6. Bxc4 e6 7. O-O Bb4 8.
a3 Bxc3 9. bxc3 O-O 10. Nh4 Bg4 11. f3 Bh5 12. g4 Bg6 13. Nxg6 fxg6 14. h3
Qd6 15. Kg2 a6 16. e4 Qe7 17. Bg5 h6 18. Bh4 g5 19. Bg3 Qd7 20. Qe2 b5 21.
Bd3 Rae8 22. Qc2 e5 23. d5 Na7 24. a4 c6 25. axb5 cxb5 26. Rxa6 Nc8 27. Qb3
Qb7 28. Bxb5 Re7 29. c4 Qc7 30. Rc6 Qb7 {White forfeits on time} 0-1

[Event "ICCopen2016"]
[Site "Internet Chess Club"]
[Date "2016.06.03"]
[Round "8"]
[White "Kastor"]
[Black "Nostradamus"]
[Result "1-0"]
[ICCResult "Black forfeits on time"]
[WhiteElo "2855"]
[BlackElo "2470"]
[Opening "KP: Nimzovich defense"]
[ECO "B00"]
[NIC "VO.05"]
[Time "20:18:29"]
[TimeControl "180+0"]

1. e4 Nc6 2. Nf3 d6 3. d4 Nf6 4. d5 Nb8 5. Bd3 g6 6. c4 Bg7 7. h3 O-O 8. O-O
e5 9. Bg5 h6 10. Bh4 a5 11. Nc3 Nbd7 12. Nh2 Qe7 13. Ng4 Nc5 14. Bc2 Bxg4
15. hxg4 Qd7 16. f3 h5 17. gxh5 Nxh5 18. Qd2 Kh7 19. Bg5 Nf4 20. Ne2 Nxe2+
21. Qxe2 Bh6 22. Bf6 Bg7 23. Bh4 Bh6 24. Kf2 Kg7 25. Rh1 Rh8 26. Rh3 Bf4 27.
Rah1 g5 28. Bg3 Rxh3 29. Rxh3 Rh8 30. Rxh8 Kxh8 31. Qe1 Kg7 32. Qxa5 Qe7 33.
Bxf4 gxf4 34. Qd2 Qh4+ 35. Kg1 Kf6 36. Qf2 Qh8 37. b4 Na6 38. a3
{Black forfeits on time}
1-0

[Event "ICCopen2016"]
[Site "Internet Chess Club"]
[Date "2016.06.03"]
[Round "8"]
[White "livis"]
[Black "Mercury"]
[Result "0-1"]
[ICCResult "White forfeits on time"]
[WhiteElo "2003"]
[BlackElo "2347"]
[Opening "Sicilian: Smith-Morra gambit"]
[ECO "B21"]
[NIC "SI.48"]
[Time "20:17:43"]
[TimeControl "180+0"]

1. e4 c5 2. d4 cxd4 3. Bd3 Nc6 4. f4 d6 5. Nf3 g6 6. a3 Bg7 7. O-O e6 8. b4
a6 9. Qe2 Nge7 10. Nbd2 O-O 11. Rb1 b5 12. h4 e5 13. fxe5 dxe5 14. h5 Bg4
15. hxg6 hxg6 16. Qf2 Nc8 17. Nh2 Be6 18. Ndf3 f6 19. Qh4 Qd7 20. Bh6 Nd6
21. Bxg7 Qxg7 22. Ng4 Bxg4 23. Qxg4 f5 24. Qh4 f4 25. Ng5 Rf6 26. Kf2 Nf7
27. Rh1 Nxg5 28. Qxg5 Raf8 29. Rh6 Nd8 30. Rbh1 Ne6 31. Qg4 f3 32. g3 Qe7
33. Rh8+ Kf7 34. R1h7+ Ng7 35. Rxf8+ Kxf8 36. Qc8+ Kf7 37. a4 Rd6 38. axb5
axb5 39. Bxb5 Rd8 40. Bc4+ Kf6 41. Qc6+ Rd6 42. Qc8 Qd8 43. Qg4 Qc7 44. Qh4+
g5 45. Rh6+ Ke7 46. Qxg5+ Kd7 47. Rxd6+ Kxd6 48. Qf6+ Kd7 49. Qxg7+ Kc8 50.
Qxc7+ Kxc7 51. Bd5 Kb6 52. Be6 Kb5 {White forfeits on time} 0-1

[Event "ICCopen2016"]
[Site "Internet Chess Club"]
[Date "2016.06.03"]
[Round "8"]
[White "chessdad"]
[Black "wolvie"]
[Result "1-0"]
[ICCResult "Black checkmated"]
[WhiteElo "1269"]
[BlackElo "1552"]
[Opening "Sicilian: wing gambit deferred"]
[ECO "B50"]
[NIC "SI.01"]
[Time "20:18:12"]
[TimeControl "180+0"]

1. e4 c5 2. Nf3 d6 3. b4 Nc6 4. bxc5 Nf6 5. cxd6 Qxd6 6. d3 Bg4 7. Be2 Bxf3
8. Bxf3 Qb4+ 9. Bd2 Qb6 10. O-O e6 11. Be3 Qc7 12. Nd2 Bd6 13. h3 O-O 14.
Nc4 Bh2+ 15. Kh1 Bf4 16. Rb1 b5 17. Bxf4 Qd7 18. Rxb5 Nd4 19. Rb1 Rfc8 20.
e5 Nd5 21. Bh2 Rab8 22. Rxb8 Rxb8 23. Be4 Nc3 24. Qh5 Nxe4 25. dxe4 Nxc2 26.
Nd6 g6 27. Qf3 Nd4 28. Qf6 Nc6 29. Rd1 Rd8 30. h4 Qe7 31. Qf3 Qc7 32. h5 Qe7
33. hxg6 hxg6 34. Bf4 Kg7 35. Kg1 Rh8 36. g3 Qd8 37. Qe3 Qb6 38. Qxb6 axb6
39. Kg2 Nb4 40. a3 Nc6 41. Rc1 Ne7 42. Rc7 Ng8 43. Rxf7# {Black checkmated}
1-0

[Event "ICCopen2016"]
[Site "Internet Chess Club"]
[Date "2016.06.03"]
[Round "8"]
[White "SMACK"]
[Black "saya"]
[Result "0-1"]
[ICCResult "White forfeits on time"]
[WhiteElo "2278"]
[BlackElo "2854"]
[Opening "Sicilian: Smith-Morra gambit"]
[ECO "B21"]
[NIC "SI.48"]
[Time "20:18:16"]
[TimeControl "180+0"]

1. e4 c5 2. d4 cxd4 3. c3 d3 4. Bxd3 d6 5. Nf3 g6 6. O-O Bg7 7. Bc4 Nc6 8.
h3 Nf6 9. Qe2 O-O 10. Bf4 Qa5 11. Rd1 a6 12. Nbd2 Nh5 13. Bh2 Ne5 14. Nxe5
Bxe5 15. Nb3 Bxh2+ 16. Kxh2 Qg5 17. g3 Nf6 18. f4 Qh6 19. f5 gxf5 20. exf5
Bxf5 21. Qg2 Ng4+ 22. Kg1 Ne3 23. Qd2 Bxh3 24. Re1 Nf5 25. Qxh6 Nxh6 26.
Rxe7 Rab8 27. Bd5 Rfe8 28. Rae1 Be6 29. Rxe8+ Rxe8 30. Bxb7 Rb8 31. Bxa6
Bxb3 32. axb3 Rxb3 33. Re2 d5 34. Bc8 Kg7 35. Bh3 Ng8 36. Kg2 Nf6 37. Rd2
Ne4 38. Rxd5 Rxb2+ 39. Kf3 Nxc3 40. Rg5+ Kf6 41. Rf5+ Kg6 42. Rc5 Rb3 43.
Bf5+ Kg7 44. Bc2 Ra3 45. Kg4 Ne2 46. Kf5 Rxg3 47. Rc7 Nd4+ 48. Kf4 Rg1 49.
Be4 Ne6+ 50. Ke5 Nxc7 {White forfeits on time} 0-1

[Event "ICCopen2016"]
[Site "Internet Chess Club"]
[Date "2016.06.03"]
[Round "8"]
[White "Bessel"]
[Black "Chess64"]
[Result "1-0"]
[ICCResult "Black forfeits on time"]
[WhiteElo "2053"]
[BlackElo "1761"]
[Opening "QGD semi-Slav"]
[ECO "D43"]
[NIC "SL.03"]
[Time "20:17:49"]
[TimeControl "180+0"]

1. d4 d5 2. c4 c6 3. Nf3 Nf6 4. Nc3 e6 5. cxd5 exd5 6. Bg5 Bf5 7. e3 Nbd7 8.
Bd3 Bxd3 9. Qxd3 Bd6 10. O-O h6 11. Bh4 Qa5 12. a3 O-O 13. b4 Qd8 14. b5 Re8
15. bxc6 bxc6 16. Bxf6 Nxf6 17. h3 Rb8 18. Rfb1 Qa5 19. Nd2 Rxb1+ 20. Ndxb1
Rb8 21. Qc2 Qa6 22. Nd2 Rb6 23. a4 Qb7 24. Rb1 Rxb1+ 25. Qxb1 Qxb1+ 26.
Ndxb1 Bb4 27. Kf1 Kf8 28. Ke2 Ke7 29. Kd3 Kd6 30. f3 Nd7 31. e4 f6 32. f4
Nb6 33. e5+ fxe5 34. fxe5+ Ke6 35. g4 Nc4 36. Na2 Ba5 37. Nbc3 c5 38. dxc5
Kxe5 39. Nb5 Ke6 40. Nxa7 Ne5+ 41. Ke3 Kd7 42. Kd4 Nc6+ 43. Nxc6 Kxc6 44. h4
Be1 45. h5 Bf2+ 46. Ke5 Bxc5 47. a5 Kb5 48. a6 Kxa6 49. Kxd5 Be3 50. Nc3 Bd2
51. Ne4 Bc1 52. Ke6 Bb2 53. Kf7 Kb5 54. Nd6+ Kc6 55. Ne8 Kd5 56. Nxg7 Ke4
57. Nf5 Bc1 58. Kg6 Kf3 59. Nxh6 Bb2 60. g5 Kf4 61. Nf7 Kg3 62. h6 Ba1 63.
h7 Bb2 64. h8=Q Bxh8 65. Nxh8 Kg4 66. Kh6 Kf4 67. g6 Ke4 68. g7 Ke5 69. g8=Q
Kd6 70. Qf7 Kc6 71. Qg6+ {Black forfeits on time} 1-0

[Event "ICCopen2016"]
[Site "Internet Chess Club"]
[Date "2016.06.03"]
[Round "8"]
[White "Anarchy"]
[Black "Maxbet"]
[Result "0-1"]
[ICCResult "White forfeits on time"]
[WhiteElo "2800"]
[BlackElo "2936"]
[Opening "QGD: Ragozin variation"]
[ECO "D38"]
[NIC "NI.27"]
[Time "20:18:09"]
[TimeControl "180+0"]

1. d4 Nf6 2. Nf3 e6 3. c4 d5 4. Nc3 Bb4 5. cxd5 exd5 6. Bg5 h6 7. Bh4 Nbd7
8. e3 g5 9. Bg3 Ne4 10. Nd2 Nxg3 11. hxg3 c6 12. Bd3 Nf6 13. Qc2 Kf8 14. Nf3
Qe7 15. Nxg5 Kg7 16. Nf3 c5 17. a3 Bxc3+ 18. bxc3 c4 19. Bf5 Ne4 20. Bxe4
dxe4 21. Nd2 Bf5 22. Nxc4 Rac8 23. Nd2 b5 24. Qb3 Bg6 25. a4 bxa4 26. Rxa4
Rb8 27. Qa2 Rb7 28. O-O h5 29. Qd5 h4 30. g4 Rd8 31. Qa5 Rc8 32. Rb1 Rxb1+
33. Nxb1 Qd7 34. g5 h3 35. Qe5+ Kg8 36. Rb4 Qg4 37. Qg3 Qd1+ 38. Kh2 a5 39.
Rb8 Rxb8 40. Qxb8+ Kh7 41. Kxh3 Qh5+ 42. Kg3 Qxg5+ 43. Kh2 Qh5+ 44. Kg1 Qd1+
45. Kh2 a4 46. Na3 Qc1 47. Qd6 Qxc3 48. Kg3 Qc8 49. d5 Qf5 50. Qc6 Qg5+ 51.
Kh2 Qh4+ 52. Kg1 Qh5 53. d6 Qd1+ 54. Kh2 Bf5 55. Qc7 Bd7
{White forfeits on time}
0-1

[Event "ICCopen2016"]
[Site "Internet Chess Club"]
[Date "2016.06.03"]
[Round "8"]
[White "GoldenCountry"]
[Black "boveymvp"]
[Result "0-1"]
[ICCResult "White forfeits on time"]
[WhiteElo "1470"]
[BlackElo "1643"]
[Opening "Sicilian: Kan, 5.Nc3"]
[ECO "B43"]
[NIC "SI.41"]
[Time "20:18:35"]
[TimeControl "180+0"]

1. e4 c5 2. Nf3 e6 3. d4 cxd4 4. Nxd4 a6 5. Nc3 Qc7 6. Be3 Nf6 7. Bd3 Bb4 8.
Qd2 d6 9. O-O O-O 10. a3 Bc5 11. Nf3 Nbd7 12. h3 Rd8 13. Rad1 b5 14. Bxc5
Nxc5 15. Qe3 Bb7 16. Nd2 Rac8 17. Ne2 Nxd3 18. cxd3 Qc2 19. b4 Qb2 20. Ra1
Rc2 21. Rfd1 Rdc8 22. Ng3 d5 23. e5 Nd7 24. d4 R8c3 25. Qf4 Rc7 26. Rdb1 Qc3
27. Nf3 Nf8 28. Re1 Ng6 29. Qg5 h6 30. Qe3 Qxe3 31. Rxe3 Kf8 32. Kf1 Ke8 33.
Ke1 Nf8 34. Re2 Rc1+ 35. Rxc1 Rxc1+ 36. Kd2 Ra1 37. Re3 Nd7 38. Nh5 g6 39.
Nf6+ Ke7 40. Nxd7 Kxd7 41. Rc3 Ra2+ 42. Ke3 Bc6 43. Nd2 Ra1 44. Nb3 Kc7 45.
Nc5 Kb6 46. Rd3 Re1+ 47. Kf4 Re4+ {White forfeits on time} 0-1

[Event "ICCopen2016"]
[Site "Internet Chess Club"]
[Date "2016.06.03"]
[Round "8"]
[White "UltimateR3cruit"]
[Black "franco"]
[Result "1-0"]
[ICCResult "Black forfeits on time"]
[WhiteElo "1475"]
[BlackElo "1152"]
[Opening "Three knights game"]
[ECO "C46"]
[NIC "KP.06"]
[Time "20:18:17"]
[TimeControl "180+0"]

1. e4 e5 2. Nc3 Nc6 3. Nf3 d6 4. Bb5 Bd7 5. h3 Nf6 6. d3 Be7 7. Bg5 O-O 8.
Qd2 h6 9. Bxh6 gxh6 10. Qxh6 Nh7 11. h4 Bf6 12. Bc4 Bg7 13. Qg6 Be6 14. Bxe6
fxe6 15. Qxe6+ Kh8 16. Ng5 Qf6 17. O-O-O Rae8 18. Qg4 Qxf2 19. Rhf1 Qe3+ 20.
Kb1 Rxf1 21. Rxf1 Nxg5 22. hxg5 Rf8 23. Rh1+ Kg8 24. Qe6+ Rf7 25. g6 Nd8 26.
gxf7+ Nxf7 27. Qe8+ Bf8 28. Nd5 Qg5 29. a3 Qxg2 30. Nf6+ Kg7 31. Nh5+ Kg6
32. Qe6+ Kh7 33. Nf4+ Kg7 34. Nxg2 Nd8 35. Qh6+ Kf7 36. Rf1+ Ke7 37. Qxf8+
Kd7 38. b4 Kc8 39. b5 c6 40. Rf7 {Black forfeits on time} 1-0

[Event "ICCopen2016"]
[Site "Internet Chess Club"]
[Date "2016.06.03"]
[Round "8"]
[White "lion100"]
[Black "talbagels2"]
[Result "0-1"]
[ICCResult "White checkmated"]
[WhiteElo "1386"]
[BlackElo "1675"]
[Opening "Sicilian: Prins (Moscow) variation"]
[ECO "B55"]
[NIC "SI.01"]
[Time "20:18:32"]
[TimeControl "180+0"]

1. e4 c5 2. Nf3 d6 3. d4 cxd4 4. Nxd4 Nf6 5. f3 Nc6 6. Nc3 e6 7. Be3 Be7 8.
Qd2 a6 9. O-O-O Qc7 10. g4 Bd7 11. g5 Nh5 12. Be2 g6 13. f4 O-O-O 14. f5 Kb8
15. f6 Bf8 16. Bxh5 gxh5 17. Qf2 Rc8 18. Kb1 Ne5 19. Nb3 Bc6 20. h4 Ng4 21.
Qf3 Nxe3 22. Qxe3 h6 23. Nd4 hxg5 24. hxg5 h4 25. Rh2 d5 26. e5 Bc5 27.
Nxc6+ Qxc6 28. Qf4 d4 29. Ne4 Bb4 30. Rxd4 Rhd8 31. Rxd8 Rxd8 32. a3 Rd4 33.
axb4 Rxe4 34. Qd2 Rxe5 35. Rxh4 Rd5 36. Rh8+ Ka7 37. Qe3+ b6 38. c3 Rd1+ 39.
Ka2 Qa4# {White checkmated} 0-1

[Event "ICCopen2016"]
[Site "Internet Chess Club"]
[Date "2016.06.03"]
[Round "8"]
[White "stoptryharding"]
[Black "B-Amin"]
[Result "1-0"]
[ICCResult "Black forfeits on time"]
[WhiteElo "2397"]
[BlackElo "2830"]
[Opening "Two knights defense (Modern bishop's opening)"]
[ECO "C55"]
[NIC "IG.01"]
[Time "20:18:06"]
[TimeControl "180+0"]

1. e4 e5 2. Nf3 Nc6 3. Bc4 Nf6 4. d3 h6 5. O-O d6 6. a3 g6 7. Nc3 Bg7 8. Re1
O-O 9. Nd5 Nxd5 10. Bxd5 Kh7 11. c3 Ne7 12. Bb3 f5 13. exf5 gxf5 14. d4 Ng6
15. dxe5 dxe5 16. Qxd8 Rxd8 17. Be3 f4 18. Bc1 Bf5 19. Nd2 Rd7 20. Ne4 b6
21. Bc2 Ne7 22. g4 Bg6 23. h4 Kh8 24. h5 Bh7 25. f3 Rad8 26. Kf2 Nc8 27. Ba4
Rd5 28. Bb3 Rd3 29. Bc4 Rd1 30. Rxd1 Rxd1 31. Be2 Rd8 32. a4 Bxe4 33. fxe4
Nd6 34. Bf3 Nf7 35. a5 Bf8 36. Ke2 Ng5 37. axb6 axb6 38. Bg2 Bd6 39. Bd2 Rf8
40. Bf3 Kg7 41. Be1 Be7 42. Bf2 Rd8 43. Ra7 Ne6 44. Bxb6 Rb8 45. Bxc7 Rxb2+
46. Kd3 Kf6 47. Bxe5+ Kxe5 48. Rxe7 Rf2 49. Bd1 f3 50. Bb3 Kf4 51. Rxe6 Rb2
52. Bd1 f2 53. Rf6+ Kg3 54. Ke3 Kg2 55. Be2 Kg1 56. Rxf2 Rc2 57. c4 Rc3+ 58.
Bd3 {Black forfeits on time} 1-0

[Event "ICCopen2016"]
[Site "Internet Chess Club"]
[Date "2016.06.03"]
[Round "8"]
[White "PaYbAcK"]
[Black "Harmonie"]
[Result "0-1"]
[ICCResult "White checkmated"]
[WhiteElo "2786"]
[BlackElo "3123"]
[Opening "French: Rubinstein variation"]
[ECO "C10"]
[NIC "FR.07"]
[Time "20:17:32"]
[TimeControl "180+0"]

1. e4 e6 2. d4 d5 3. Nc3 dxe4 4. Nxe4 Nd7 5. Nf3 Ngf6 6. Bg5 h6 7. Nxf6+
Nxf6 8. Bh4 c5 9. Bd3 cxd4 10. O-O Bd7 11. Nxd4 Bd6 12. Qe2 Qc7 13. Bg3 Bxg3
14. hxg3 O-O 15. Rad1 Rfd8 16. c3 Rac8 17. Rfe1 Be8 18. Bb5 Bxb5 19. Qxb5
Rd5 20. Qb3 a6 21. Nf3 b5 22. Rxd5 Nxd5 23. Ne5 Rd8 24. Qc2 Nb6 25. Qe4 Rd5
26. Re3 Na4 27. Re2 Nc5 28. Qf4 f6 29. Nf3 Qxf4 30. gxf4 Rd1+ 31. Kh2 Kf7
32. g3 g5 33. Nd4 b4 34. cxb4 Rxd4 35. bxc5 Rc4 36. fxg5 hxg5 37. Rd2 Rxc5
38. Kg2 Ke7 39. Kf3 f5 40. Ke3 a5 41. f4 g4 42. Rh2 Kd6 43. Rd2+ Kc6 44. Rh2
Rc1 45. Kd4 Kd6 46. Rd2 Rf1 47. Kc4+ Kc6 48. Re2 Kd7 49. Rd2+ Ke7 50. Kd4
Kd6 51. Kc4+ Kc6 52. Kd4 Kd6 53. Kc4+ Kc6 54. Kd4 Kd6 55. b3 Rf3 56. Rd3 Rf2
57. Kc4+ Kc6 58. a3 Rg2 59. b4 axb4 60. axb4 Rc2+ 61. Kd4 Re2 62. Kc4 Re4+
63. Rd4 Re3 64. Rd3 Re4+ 65. Rd4 Re3 66. b5+ Kc7 67. Rd3 Re2 68. Rc3 Kb6 69.
Rd3 Re4+ 70. Kc3 Kxb5 71. Kd2 Kc5 72. Rc3+ Kd5 73. Rc8 Rd4+ 74. Ke3 Re4+ 75.
Kf2 Kd6 76. Rd8+ Ke7 77. Rh8 Rd4 78. Rh7+ Kd6 79. Rh6 Rd5 80. Rh8 Rc5 81.
Rd8+ Ke7 82. Rh8 Rd5 83. Ke3 Kd6 84. Rh7 Rc5 85. Rh6 Rc7 86. Rh8 Rd7 87. Kf2
Kd5 88. Re8 Rd6 89. Re7 Rc6 90. Re8 Rd6 91. Re7 Rc6 92. Rd7+ Rd6 93. Re7 Kd4
94. Rf7 Rd5 95. Rg7 e5 96. Kg2 e4 97. Kg1 e3 98. Kg2 Kd3 99. Re7 Rd4 100.
Rxe3+ Kxe3 101. Kg1 Rd3 102. Kh2 Rd2+ 103. Kg1 Kf3 104. Kf1 Kxg3 105. Ke1
Rf2 106. Kd1 Rf3 107. Kc1 Kf2 108. Kb1 g3 109. Kb2 g2 110. Kb1 g1=Q+ 111.
Kb2 Qg2 112. Ka1 Kg3 113. Kb1 Rf1# {White checkmated} 0-1

[Event "ICCopen2016"]
[Site "Internet Chess Club"]
[Date "2016.06.03"]
[Round "8"]
[White "wjjones88"]
[Black "daviv52"]
[Result "1-0"]
[ICCResult "Black forfeits on time"]
[WhiteElo "1714"]
[BlackElo "2059"]
[Opening "Réti opening"]
[ECO "A04"]
[NIC "QP.11"]
[Time "20:18:21"]
[TimeControl "180+0"]

1. Nf3 g6 2. g3 Bg7 3. Bg2 c5 4. d3 Nc6 5. O-O e6 6. Nbd2 Nge7 7. e4 O-O 8.
c3 d5 9. Qc2 b6 10. a4 Bb7 11. Re1 Rc8 12. Ng5 h6 13. Nh3 Qd7 14. f4 d4 15.
Nf3 Rfd8 16. Nf2 f5 17. exf5 exf5 18. Bd2 Nd5 19. Rad1 Kh7 20. Re2 Re8 21.
Rde1 Rxe2 22. Rxe2 dxc3 23. bxc3 Rd8 24. Ne5 Nxe5 25. fxe5 Re8 26. d4 cxd4
27. cxd4 Rc8 28. Qd3 Qe6 29. Nh3 g5 30. Nf2 Rf8 31. Bh3 Bc8 32. Nd1 Qc6 33.
Bg2 Qd7 34. Ne3 Bb7 35. e6 Qd6 36. Nxd5 Bxd5 37. e7 Re8 38. Qxf5+ Kh8 39.
Bxd5 Rxe7 40. Rxe7 Qxe7 41. Qc8+ Kh7 42. Qf5+ Kh8 43. Be4 Bxd4+ 44. Kg2 Qg7
45. Qc8+ Qg8 46. Qxg8+ Kxg8 47. Be1 Kf7 48. Bf2 Ke6 49. Bf3 Ke5 50. Bxd4+
{Black forfeits on time}
1-0

[Event "ICCopen2016"]
[Site "Internet Chess Club"]
[Date "2016.06.03"]
[Round "8"]
[White "AttackSparrow"]
[Black "OparinGrigoriy"]
[Result "0-1"]
[ICCResult "White forfeits on time"]
[WhiteElo "2309"]
[BlackElo "2828"]
[Opening "Sicilian: Alapin's variation (2.c3)"]
[ECO "B22"]
[NIC "SI.47"]
[Time "20:18:01"]
[TimeControl "180+0"]

1. e4 c5 2. c3 Nf6 3. e5 Nd5 4. d4 cxd4 5. Nf3 Nc6 6. cxd4 d6 7. Bc4 e6 8.
O-O Be7 9. Bd2 O-O 10. Nc3 Nxc3 11. Bxc3 d5 12. Bd3 Bd7 13. h4 Qb6 14. g3
Rfc8 15. Kg2 Nb4 16. Be2 Bb5 17. a3 Nc6 18. Rh1 Qa6 19. Bxb5 Qxb5 20. Qd2 a5
21. h5 a4 22. h6 g6 23. Qf4 Qd3 24. Ng5 Qf5 25. Qxf5 exf5 26. Nh3 g5 27. f4
g4 28. Nf2 Kf8 29. Rh5 Ke8 30. Rxf5 Ra6 31. Nxg4 Nd8 32. Rh5 Rg6 33. Kf3 Ne6
34. f5 Ng5+ 35. Kf4 Rg8 36. f6 Ne6+ 37. Kf3 Bf8 38. Ne3 Rd8 39. Nf5 Ng5+ 40.
Kg2 Rg6 41. Ng7+ Kd7 42. Rc1 Rc8 43. Bd2 Ne4 44. Rxc8 Rxg3+ 45. Kh2 Kxc8 46.
e6 fxe6 47. Nxe6 Rf3 48. Nxf8 Rxf6 49. Nxh7 Rf2+ 50. Kg1 Rxd2 51. Nf8 Nf6
52. h7 Nxh7 53. Rxh7 Rxb2 54. Ne6 Rb3 55. Nc5 Rxa3 56. Nxb7 Rb3 57. Nd6+ Kb8
58. Rh8+ Kc7 59. Ne8+ Kc6 60. Nf6 a3 61. Rc8+ Kb5 62. Rc5+ Ka4 63. Nxd5 a2
64. Rc4+ Ka3 65. Rc1 Rb1 66. Rxb1 axb1=Q+ 67. Kf2 Qd3 68. Ne3 Qxd4 69. Ke2
Kb2 70. Nd1+ Kc1 71. Ne3 Qd2+ 72. Kf3 Qd3 73. Kf4 Kd2 74. Nf5 Qc4+ 75. Kg5
Kd3 76. Kf6 Qe4 77. Kg5 Qf3 78. Ng3 Qxg3+ 79. Kf5 Qe3 80. Kf6 Qe4 81. Kf7
Kd4 {White forfeits on time} 0-1

[Event "ICCopen2016"]
[Site "Internet Chess Club"]
[Date "2016.06.03"]
[Round "8"]
[White "PawnTerminator"]
[Black "Tresor77"]
[Result "0-1"]
[ICCResult "White forfeits on time"]
[WhiteElo "1634"]
[BlackElo "1475"]
[Opening "Polish (Sokolsky) opening"]
[ECO "A00"]
[NIC "VO.10"]
[Time "20:18:24"]
[TimeControl "180+0"]

1. b4 e5 2. Bb2 Bxb4 3. Bxe5 Nf6 4. Nf3 Nc6 5. Bb2 O-O 6. e3 d5 7. Be2 Bf5
8. O-O Re8 9. d3 Qd6 10. Nbd2 Bg4 11. h3 Bh5 12. c3 Ba5 13. a4 Rad8 14. Ba3
Qd7 15. d4 Bg6 16. c4 Ne4 17. cxd5 Qxd5 18. Bc4 Qd7 19. Nxe4 Bxe4 20. Bb5 a6
21. Bxc6 Qxc6 22. Rc1 Qd7 23. Ne5 Qc8 24. Nc4 b6 25. Nxa5 bxa5 26. Qd2 c6
27. Qxa5 Qe6 28. Bc5 Qg6 29. g3 Qf5 30. f3 Bxf3 31. Qd2 Qe4 32. Qf2 Bh5 33.
g4 Bg6 34. Kh2 Re6 35. Rce1 Rf6 36. Qg3 Re8 37. Rxf6 gxf6 38. Qf2 Rf8
{White forfeits on time}
0-1

[Event "ICCopen2016"]
[Site "Internet Chess Club"]
[Date "2016.06.03"]
[Round "8"]
[White "Shadowbane"]
[Black "manneredmonkey"]
[Result "0-1"]
[ICCResult "White forfeits on time"]
[WhiteElo "1685"]
[BlackElo "1643"]
[Opening "King's pawn opening"]
[ECO "B07"]
[NIC "VO.17"]
[Time "20:18:27"]
[TimeControl "180+0"]

1. e4 d6 2. c4 Nf6 3. Nc3 e5 4. h3 g6 5. g3 Bg7 6. Bg2 O-O 7. Nge2 c6 8. d4
exd4 9. Nxd4 Re8 10. O-O Qc7 11. f4 Nbd7 12. g4 Qb6 13. Kh1 Nxe4 14. Nxe4
Bxd4 15. Nxd6 Rd8 16. c5 Bxc5 17. Ne4 Be7 18. f5 Nf6 19. Nxf6+ Bxf6 20. Qe2
Qd4 21. fxg6 hxg6 22. Qf3 Kg7 23. g5 Bxg5 24. Qxf7+ Kh6 25. Bxg5+ Kxg5 26.
Qe7+ Kh6 27. Rf7 Rh8 28. Re1 Bf5 29. Rf1 Rae8 30. Qa3 Re3 31. Qa5 b6 32.
Qxa7 Rxh3+ 33. Bxh3 Be4+ 34. R7f3 Bxf3+ 35. Rxf3 Qd1+ 36. Kg2 Qe2+ 37. Rf2
Qe4+ 38. Rf3 Qc2+ 39. Rf2 Qe4+ 40. Rf3 Kg5 41. Qxb6 Rxh3 42. Kxh3 Qxf3+ 43.
Kh2 Qf4+ 44. Kg1 Qg4+ 45. Kf2 Qf5+ {White forfeits on time} 0-1

[Event "ICCopen2016"]
[Site "Internet Chess Club"]
[Date "2016.06.03"]
[Round "8"]
[White "ciatouciso"]
[Black "pagoda"]
[Result "0-1"]
[ICCResult "White forfeits on time"]
[WhiteElo "1667"]
[BlackElo "1909"]
[Opening "Queen's pawn game"]
[ECO "D00"]
[NIC "QP.08"]
[Time "20:18:42"]
[TimeControl "180+0"]

1. d4 d5 2. h3 Nc6 3. Nf3 Bf5 4. a3 Nf6 5. Nc3 e6 6. Bg5 Bd6 7. Qd2 h6 8.
Bxf6 Qxf6 9. e3 a6 10. Bd3 Bxd3 11. cxd3 O-O 12. e4 Nxd4 13. Nxd4 Qxd4 14.
f3 Bg3+ 15. Kd1 Be5 16. Kc2 dxe4 17. fxe4 b5 18. Rhd1 c5 19. Kb3 c4+ 20.
dxc4 Qxc4+ 21. Kc2 Rac8 22. Rac1 b4 23. axb4 Qxb4 24. Kb1 Rb8 25. Rc2 Rfc8
26. Na2 Rxc2 27. Nxb4 Rxd2 28. Rxd2 Rxb4 29. Re2 a5 30. Ka2 g6 31. b3 a4 32.
bxa4 Rxa4+ 33. Kb3 Ra7 34. Kc4 Rd7 35. Kc5 h5 36. Kc6 Rd3 37. Kc5 h4 38. Kc4
Rc3+ 39. Kb4 g5 40. Ka4 Kg7 41. Kb4 Kf6 42. Ka4 Rd3 43. Kb4 Ke7 44. Kc4 Rd4+
45. Kc5 f6 46. Kb5 Kd6 47. Kb6 f5 48. Kb5 fxe4 49. Ka6 Kd5 50. Kb5 Bf4
{White forfeits on time}
0-1

[Event "ICCopen2016"]
[Site "Internet Chess Club"]
[Date "2016.06.03"]
[Round "8"]
[White "Sam08"]
[Black "Alright2015"]
[Result "0-1"]
[ICCResult "White forfeits on time"]
[WhiteElo "2428"]
[BlackElo "2060"]
[Opening "Queen's pawn: London system"]
[ECO "A45"]
[NIC "QP.07"]
[Time "20:18:08"]
[TimeControl "180+0"]

1. d4 Nf6 2. Bf4 c5 3. e3 e6 4. Nf3 b6 5. Bd3 Bb7 6. Nbd2 d5 7. c3 Nc6 8.
O-O Bd6 9. Bg3 Qc7 10. Qe2 O-O-O 11. dxc5 bxc5 12. e4 Bxg3 13. hxg3 h5 14.
b4 c4 15. Bc2 Rdg8 16. exd5 exd5 17. Qe3 h4 18. gxh4 Re8 19. Qc5 Nd7 20. Bf5
Kb8 21. Bxd7 Qxd7 22. Rfe1 Rc8 23. Qe3 f6 24. Qf4+ Ka8 25. Nd4 g5 26. Qxf6
Rxh4 27. Nxc6 Qh7 28. f3 Bxc6 29. Kf2 Rh6 30. Qxg5 Rg6 31. Qe7 Qh6 32. Nf1
Rg7 33. Qe6 Qh8 34. Re5 Rgc7 35. Rae1 Qh7 36. Qf6 Qc2+ 37. R5e2 Qh7 38. Qd4
Rg7 39. Re6 Qg8 40. Ne3 Bb7 41. Re5 Rf8 42. Rg1 Rgf7 43. Nxd5 Rd7 44. Qc5
Rc8 45. Qb5 Rxd5 46. Rxd5 Qxd5 47. Qxd5 Bxd5 48. Rd1 Bb7 49. Rd4 a5 50. f4
axb4 51. g4 bxc3 52. Rd1 c2 53. Rc1 Be4 54. Kg3 Bd3 55. f5 Re8 56. Kf4 Re2
57. g5 Rd2 58. Rxc2 Rd1 59. Rxc4 Rf1+ 60. Ke5 Bxc4 61. Kf6 Re1 62. Kg7 Rf1
63. g6 Re1 64. Kh6 Bd3 65. g7 Bxf5 66. Kg5 Be6 67. g8=Q+ Bc8 68. Kf6 Re8 69.
Kg5 Rxg8+ 70. Kf6 Rf8+ {White forfeits on time} 0-1

[Event "ICCopen2016"]
[Site "Internet Chess Club"]
[Date "2016.06.03"]
[Round "8"]
[White "fledermaus"]
[Black "anitak"]
[Result "0-1"]
[ICCResult "White forfeits on time"]
[WhiteElo "1636"]
[BlackElo "2184"]
[Opening "Réti opening"]
[ECO "A30"]
[NIC "QP.10"]
[Time "20:18:14"]
[TimeControl "180+0"]

1. Nf3 c5 2. c4 b6 3. Nc3 Bb7 4. e4 g6 5. d4 cxd4 6. Nxd4 Bg7 7. Be3 Nc6 8.
Be2 d6 9. O-O Nf6 10. Rc1 O-O 11. Qd2 Rc8 12. f3 Qc7 13. Nd5 Qd7 14. Nxc6
Bxc6 15. Bh6 Rfd8 16. Bxg7 Kxg7 17. Nxf6 exf6 18. Rfd1 Qe6 19. Bf1 f5 20.
exf5 Qxf5 21. Qd4+ Kg8 22. Bd3 Qg5 23. Be4 Be8 24. Bd5 Rc7 25. Re1 Bc6 26.
Rcd1 Bxd5 27. Qxd5 Qxd5 28. cxd5 Rc2 29. Re7 Rxb2 30. Rxa7 Re8 31. Ra4 Ree2
32. Rg4 Rxa2 33. Rb1 Red2 34. h4 Rxd5 35. Rxb6 Rd1+ 36. Kh2 h5 37. Rg5 d5
38. Rd6 d4 39. Rgd5 Rdd2 40. Rxd4 Rxg2+ 41. Kh1 Rgf2 42. Rd1 Rxf3 43. R6d3
Rff2 44. Kg1 Rg2+ 45. Kf1 Rh2 46. Kg1 Rxh4 47. Kf1 Rg4 48. R3d2 Rxd2
{White forfeits on time}
0-1